[Event "Team 45 45 League T34"]
[Site "Internet Chess Club"]
[Date "2007.08.10"]
[Round "4"]
[White "Allessia"]
[Black "Terte"]
[Result "1/2-1/2"]
[WhiteElo "2222"]
[BlackElo "2048"]
[Opening "Sicilian: closed"]
[ECO "B24"]
[Time "16:07:44"]
[TimeControl "2700+45"]

1. e4 c5 2. Nc3 Nc6 3. g3 g6 4. Bg2 Bg7 5. d3 e6 6. Be3 Nd4 7. Qd2 Ne7 8. Nge2
Qa5 9. O-O Nec6 10. Rae1 Nxe2+ 11. Rxe2 Nd4 12. Ree1 d6 13. f4 Bd7 14. e5 d5 15.
a3 Bf8 16. Nxd5 Qxd2 17. Nf6+ Kd8 18. Bxd2 Nxc2 19. Rc1 Nd4 20. Kh1 Bc6 21. Bxc6
Nxc6 22. Be3 b6 23. d4 Be7 24. dxc5 Bxf6 25. exf6 b5 26. Rfd1+ Kc7 27. Rd6 Rhd8
28. Rcd1 Rxd6 29. Rxd6 Rd8 30. Rxd8 Nxd8 31. b4 Kc6 32. Kg2 Kd5 33. Kf3 h5 34.
h3 a6 35. g4 hxg4+ 36. hxg4 Nc6 37. Bc1 Nd4+ 38. Ke3 Nc6 39. Bd2 Nd8 40. Kd3 Nc6
41. Bc3 Nd8 42. Be5 Nc6 43. Bc7 Na7 44. Ke3 Nc6 45. Kd2 Na7 46. Kd3 Nc6 47. Bd6
Nd4 48. g5 Nc6 {Game drawn by mutual agreement} 1/2-1/2

[Event "Team 45 45 League T34"]
[Site "Internet Chess Club"]
[Date "2007.08.12"]
[Round "4"]
[White "andreip"]
[Black "primerpaso"]
[Result "1/2-1/2"]
[WhiteElo "1966"]
[BlackElo "1797"]
[Opening "Queen's pawn game"]
[ECO "D05"]
[Time "16:04:46"]
[TimeControl "2700+45"]

1. d4 Nf6 2. Nf3 d5 3. e3 e6 4. Be2 c5 5. O-O Nc6 6. c3 Qc7 7. Nbd2 b6 8. a3 Bd6
9. g3 O-O 10. Nh4 e5 11. dxe5 Nxe5 12. Ng2 Bb7 13. Nf3 Rfd8 14. Nxe5 Bxe5 15.
Qc2 Qd7 16. f3 Qh3 17. Nf4 Bxf4 18. exf4 d4 19. Rf2 Rd5 20. cxd4 cxd4 21. b4 Rc8
22. Qd1 Qd7 23. Bd3 Bc6 {Game drawn by mutual agreement} 1/2-1/2

[Event "Team 45 45 League T34"]
[Site "Internet Chess Club"]
[Date "2007.08.12"]
[Round "4"]
[White "cityprosecutor"]
[Black "Victorianum"]
[Result "1-0"]
[WhiteElo "1801"]
[BlackElo "1679"]
[Opening "Sicilian defense"]
[ECO "B20"]
[Time "11:02:00"]
[TimeControl "2700+45"]

1. e4 c5 2. d3 e6 3. g3 Nc6 4. Bg2 g6 5. Nf3 Bg7 6. Nbd2 Nge7 7. O-O O-O 8. a4
d5 9. Re1 dxe4 10. Nxe4 b6 11. h4 Qc7 12. Nh2 Bb7 13. h5 Nd4 14. c3 Ndf5 15. Ng4
Bxe4 16. dxe4 Rad8 17. Qf3 Nd6 18. Nf6+ Bxf6 19. Qxf6 Ne8 20. Qg5 f6 21. Qh4
gxh5 22. Qxh5 Ng7 23. Qh3 Qe5 24. Bh6 Rf7 25. Rad1 Rxd1 26. Rxd1 Nc6 27. g4 Qc7
28. f4 Rd7 29. Qf3 Rxd1+ 30. Qxd1 Qd8 31. Qb3 Qd2 32. Qb5 Qe1+ 33. Qf1 Qxf1+ 34.
Kxf1 Ne7 35. Kf2 f5 36. Bg5 Kf7 37. gxf5 exf5 38. e5 Ne6 39. Bxe7 Kxe7 40. Kf3
Kf7 41. Bf1 Kg6 42. Ba6 Ng7 43. Bb5 a5 44. Bd7 Kf7 45. Kg3 Ke7 46. Bb5 Ne6 47.
Bd3 Ng7 48. Kh4 h6 49. Kg3 Ke6 50. Bc4+ Ke7 51. Kf3 Kd7 52. Ke3 Kc6 53. Bf7 Kd7
54. Kd3 Ke7 55. Bg6 Ne6 56. Bxf5 Nxf4+ 57. Kc4 h5 58. Kb5 h4 59. Kxb6 {Black
resigns} 1-0

[Event "Team 45 45 League T34"]
[Site "Internet Chess Club"]
[Date "2007.08.11"]
[Round "4"]
[White "gugamircea"]
[Black "Russ"]
[Result "1-0"]
[WhiteElo "1614"]
[BlackElo "1237"]
[Opening "Sicilian: Najdorf, Opocensky variation"]
[ECO "B92"]
[Time "10:00:21"]
[TimeControl "2700+45"]

1. e4 c5 2. Nf3 d6 3. d4 cxd4 4. Nxd4 Nf6 5. Nc3 a6 6. Be2 e5 7. Nb3 Be7 8. Be3
O-O 9. f3 Be6 10. Nd5 Nxd5 11. exd5 Bd7 12. c4 Qc7 13. O-O Ba4 14. Qd3 Nd7 15.
Rac1 Rac8 16. Bd1 Nf6 17. Bc2 Qxc4 18. Qxc4 Rxc4 19. Bxh7+ Kxh7 20. Rxc4 Bb5 21.
Rh4+ Kg8 22. Re1 Nxd5 23. Rg4 Nf6 24. Bg5 Rc8 25. Bxf6 Bxf6 26. Rc1 Bc6 27. Na5
Rc7 28. Nxc6 bxc6 29. Ra4 Bg5 30. Rc2 Be3+ 31. Kf1 d5 32. Rxa6 c5 33. b4 c4 34.
Ra8+ Kh7 35. b5 Bb6 36. a4 Ra7 37. Rxa7 Bxa7 38. a5 Bb8 39. b6 Bd6 40. a6 {Black
resigns} 1-0

[Event "Team 45 45 League T34"]
[Site "Internet Chess Club"]
[Date "2007.08.10"]
[Round "4"]
[White "backfire"]
[Black "Hazy"]
[Result "0-1"]
[WhiteElo "1875"]
[BlackElo "1903"]
[Opening "Old Indian defense"]
[ECO "A53"]
[Time "22:11:09"]
[TimeControl "2700+45"]

1. d4 Nf6 2. c4 d6 3. Nf3 b6 4. Nc3 Bb7 5. d5 e6 6. e4 Be7 7. Bd3 O-O 8. O-O c6
9. Re1 e5 10. h3 a6 11. a4 Nbd7 12. b4 c5 13. Ba3 Kh8 14. bxc5 Nxc5 15. Bxc5
bxc5 16. Rb1 Rb8 17. Qc2 Qe8 18. Rb6 Bd8 19. Rb2 Ba5 20. Reb1 Bb4 21. Na2 a5 22.
Nc3 Ba6 23. Nb5 Bxb5 24. cxb5 Nh5 25. g3 Qc8 26. Kg2 Rb7 27. Nd2 f5 28. Nc4 fxe4
29. Bxe4 Qd8 30. Bxh7 g5 31. Bf5 Ng7 32. Bg4 Rbf7 33. Rf1 Nf5 34. Bxf5 Rxf5 35.
Rb3 Qf6 36. Qe2 Kg7 37. Ne3 e4 38. Nxf5+ Qxf5 39. Rd1 c4 40. Re3 Bc5 41. Qb2+
Kg8 42. Re2 Qf3+ 43. Kh2 c3 44. Qc2 Bxf2 45. Rxf2 Qxf2+ 46. Qxf2 Rxf2+ 47. Kg1
c2 48. Rc1 Rd2 {White resigns} 0-1

[Event "Team 45 45 League T34"]
[Site "Internet Chess Club"]
[Date "2007.08.12"]
[Round "4"]
[White "AVEMARIA"]
[Black "NoiselessBear"]
[Result "0-1"]
[WhiteElo "1787"]
[BlackElo "1833"]
[Opening "Pirc: Austrian attack"]
[ECO "B09"]
[Time "13:07:08"]
[TimeControl "2700+45"]

1. e4 d6 2. d4 Nf6 3. Nc3 g6 4. f4 Bg7 5. h3 c6 6. Nf3 O-O 7. Bd3 b5 8. O-O b4
9. Ne2 Nbd7 10. Ng3 c5 11. c3 Qb6 12. Be3 cxd4 13. Nxd4 bxc3 14. bxc3 Qa5 15.
Nc6 Qxc3 16. Nxe7+ Kh8 17. Rc1 Qa3 18. Qd2 Bb7 19. Rc3 Qa5 20. Rb3 Qxd2 21. Bxd2
Bxe4 22. Nxe4 Nxe4 23. Bxe4 Rae8 24. Bb4 Rxe7 25. Bxd6 Rxe4 26. Bxf8 Nxf8 27. f5
Bd4+ 28. Kh1 Kg7 29. fxg6 Nxg6 30. Rb7 Ne5 31. Re7 Kg6 32. Rfxf7 Bc5 33. Rg7+
Kf6 34. Rb7 Re1+ 35. Kh2 Bd6 36. g3 Re2+ 37. Kh1 Ke6 38. Rxh7 Nf3 39. Rh6+ Kd5
40. Rb1 Rh2# {White checkmated} 0-1

[Event "Team 45 45 League T34"]
[Site "Internet Chess Club"]
[Date "2007.08.13"]
[Round "4"]
[White "burnsja2003"]
[Black "Warpdrive"]
[Result "1-0"]
[WhiteElo "1644"]
[BlackElo "1626"]
[Opening "Neo-Indian (Seirawan) attack"]
[ECO "E00"]
[Time "20:07:02"]
[TimeControl "2700+45"]

1. d4 Nf6 2. c4 e6 3. Bg5 h6 4. Bxf6 Qxf6 5. a3 d5 6. e3 dxc4 7. Bxc4 Bd6 8. Nf3
a6 9. Nc3 b5 10. Bd3 Bb7 11. Ne4 Qe7 12. O-O Nd7 13. b4 Nf6 14. Nc5 Bxc5 15.
bxc5 Be4 16. h3 O-O 17. Ne5 Bxd3 18. Qxd3 Qd8 19. c6 Nd5 20. Rfc1 Nb6 21. e4 f6
22. Ng6 Rf7 23. Nf4 Qd6 24. Ne2 Rd8 25. Qc3 f5 26. e5 Qd5 27. Qc5 Qxc5 28. Rxc5
Nc4 29. a4 Rd5 30. Rxd5 exd5 31. axb5 axb5 32. Rb1 b4 33. Rxb4 Na5 34. Rb5 Nxc6
35. Rxd5 Re7 36. Nf4 Kf7 37. g4 fxg4 38. hxg4 g5 39. Ne2 Ke6 40. Rc5 Kd7 41. Kg2
Nb4 42. f4 Nd3 43. Rc3 Nxf4+ 44. Nxf4 gxf4 45. Rh3 Ke6 46. Kf3 Kd5 47. Kxf4 Kxd4
48. Rxh6 Rxe5 49. Rc6 Re7 50. Kf5 Kd5 51. Rc1 c5 52. g5 Rf7+ 53. Kg6 Rf3 54. Kg7
c4 55. g6 c3 56. Kh8 Rh3+ 57. Kg8 Ke6 58. g7 Rf3 59. Rh1 c2 60. Kh8 c1=Q 61.
g8=Q+ {Black resigns} 1-0

[Event "Team 45 45 League T34"]
[Site "Internet Chess Club"]
[Date "2007.08.16"]
[Round "4"]
[White "clarinetref"]
[Black "RingLord"]
[Result "1/2-1/2"]
[WhiteElo "1621"]
[BlackElo "1522"]
[Opening "Réti opening"]
[ECO "A11"]
[Time "20:06:34"]
[TimeControl "2700+45"]

1. Nf3 d5 2. c4 c6 3. g3 dxc4 4. a4 b5 5. axb5 cxb5 6. Bg2 Bb7 7. Nc3 a6 8. O-O
Qc7 9. b3 cxb3 10. Qxb3 e6 11. Bb2 Nf6 12. Rfc1 Qd8 13. Qc2 Be7 14. d3 Nbd7 15.
e4 Rc8 16. Qd2 h6 17. e5 Bxf3 18. exf6 Bxg2 19. fxg7 Rg8 20. Qxh6 Nf6 21. Kxg2
Qxd3 22. Rd1 Qh7 23. Qxh7 Nxh7 24. Rxa6 Bf6 25. Nxb5 Bxb2 26. Nd6+ Ke7 27. Ra7+
Kf6 28. Rxf7+ Kg6 29. Re7 Bxg7 30. Nxc8 Rxc8 31. Rxe6+ Nf6 32. h4 Kf5 33. Rde1
Nd5 34. Kh3 Rc3 35. Kh2 Rc2 36. R1e2 Rc3 37. Rd6 Nf6 38. Ra6 Kg4 39. Ra5 Kf3 40.
Rea2 Ng4+ 41. Kh3 Nxf2+ 42. Rxf2+ Kxf2 43. Rf5+ Rf3 44. Rg5 Be5 45. Rxe5 Rxg3+
46. Kh2 Rg2+ 47. Kh3 Rg3+ 48. Kh2 {Game drawn by mutual agreement} 1/2-1/2

[Event "Team 45 45 League T34"]
[Site "Internet Chess Club"]
[Date "2007.08.12"]
[Round "4"]
[White "ETwoEFour"]
[Black "achessman"]
[Result "1-0"]
[WhiteElo "2062"]
[BlackElo "2021"]
[Opening "Vienna: Paulsen variation"]
[ECO "C25"]
[Time "22:09:04"]
[TimeControl "2700+45"]

1. e4 e5 2. Nc3 Nc6 3. g3 Nf6 4. Bg2 Bc5 5. Nge2 a6 6. d3 O-O 7. O-O b5 8. Nd5
h6 9. Nec3 Bb7 10. Be3 Nd4 11. Nxf6+ Qxf6 12. Nd5 Qd8 13. b4 Bxd5 14. bxc5 Bb7
15. f4 d6 16. f5 f6 17. c3 Nc6 18. a4 bxa4 19. Qxa4 Kh8 20. Rfb1 Qc8 21. d4 exd4
22. cxd4 dxc5 23. Rxb7 Qxb7 24. e5 Qb2 25. Bxc6 fxe5 26. Bxa8 cxd4 27. Bc1 Qe2
28. Qxa6 d3 29. Bxh6 Rf6 30. Qc8+ Kh7 31. Bd5 Kxh6 32. Qh8+ Kg5 33. Qxg7+ Kh5
34. Bf7+ Rxf7 35. Qg6# {Black checkmated} 1-0

[Event "Team 45 45 League T34"]
[Site "Internet Chess Club"]
[Date "2007.08.08"]
[Round "4"]
[White "kabindra"]
[Black "CoronelCintra"]
[Result "0-1"]
[WhiteElo "1757"]
[BlackElo "1979"]
[Opening "Caro-Kann: Panov-Botvinnik attack, 5...e6"]
[ECO "B14"]
[Time "17:00:50"]
[TimeControl "2700+45"]

1. e4 c6 2. d4 d5 3. exd5 cxd5 4. c4 Nf6 5. Nc3 e6 6. Nf3 Be7 7. cxd5 Nxd5 8.
Bc4 O-O 9. O-O Nc6 10. Re1 a6 11. a3 b5 12. Bd3 Bb7 13. h4 Nxc3 14. bxc3 Bxh4
15. Nxh4 Qxh4 16. Re3 h6 17. Rh3 Qe7 18. Bxh6 gxh6 19. Qg4+ Qg5 20. Qe4 f5 21.
Qxe6+ Kh7 22. Qd7+ Qg7 23. Bxf5+ Kh8 24. Re1 Nxd4 25. Qxg7+ Kxg7 26. Re7+ Kf6
27. Rxb7 Nxf5 28. Rf3 Kg5 29. Rc7 Rac8 30. Rd7 Rcd8 31. Ra7 Rf6 32. Rc7 Rd2 33.
Kh2 Ra2 34. Kh3 Rxa3 35. g4 Nd4 36. Rc5+ Kg6 37. Rxf6+ Kxf6 38. f4 b4 39. Kh4
bxc3 40. Kh5 c2 41. g5+ hxg5 42. fxg5+ Ke7 43. Rc7+ Kd6 44. Rc8 Nc6 {White
resigns} 0-1

[Event "Team 45 45 League T34"]
[Site "Internet Chess Club"]
[Date "2007.08.10"]
[Round "4"]
[White "NoiselessBear"]
[Black "tarheels"]
[Result "0-1"]
[WhiteElo "1818"]
[BlackElo "1746"]
[Opening "Sicilian defense"]
[ECO "B20"]
[Time "05:03:21"]
[TimeControl "2700+45"]

1. e4 c5 2. d3 Nc6 3. f4 g6 4. c3 Bg7 5. Be3 d6 6. Nd2 Nf6 7. Be2 e6 8. Bf3 Rb8
9. Qe2 e5 10. g4 Nxg4 11. Bxg4 Qh4+ 12. Qf2 Qxf2+ 13. Kxf2 Bxg4 14. f5 gxf5 15.
h3 Bh5 16. exf5 Ne7 17. Ne4 Nxf5 18. Nf3 Bxf3 19. Kxf3 Nxe3 20. Kxe3 Ke7 21.
Rhg1 Bh6+ 22. Ke2 Rhg8 23. Rg4 Rxg4 24. hxg4 Rg8 25. Kf3 Ke6 26. Rh1 Rg6 27. Ng3
Bf4 28. Nf5 h6 29. d4 cxd4 30. cxd4 Rg8 31. d5+ Kd7 32. Re1 Rc8 33. Re2 Rc1
{White resigns} 0-1

[Event "Team 45 45 League T34"]
[Site "Internet Chess Club"]
[Date "2007.08.12"]
[Round "4"]
[White "livis"]
[Black "Gregorio"]
[Result "0-1"]
[WhiteElo "2020"]
[BlackElo "2076"]
[Opening "Center game"]
[ECO "C21"]
[Time "17:07:26"]
[TimeControl "2700+45"]

1. e4 e5 2. d4 exd4 3. Bd3 Bc5 4. f4 Nc6 5. Nf3 d6 6. O-O Bg4 7. a3 a5 8. h3
Bxf3 9. Qxf3 Qd7 10. Re1 Nge7 11. Nd2 O-O 12. Nf1 f6 13. Bd2 Kh8 14. Kh1 d5 15.
Ng3 dxe4 16. Nxe4 Bb6 17. Re2 Nd5 18. Rae1 Nce7 19. c4 dxc3 20. Nxc3 Rad8 21.
Bb1 c6 22. Qh5 f5 23. Ba2 Nf6 24. Qf3 Nfg8 25. Be3 Bxe3 26. Rxe3 Nc8 27. Re5 Nd6
28. Rxa5 b5 29. b4 Rfe8 30. Rd1 Qc7 31. Ra6 Ne4 32. Rxd8 Qxd8 33. Rxc6 Qd2 34.
Bxg8 Kxg8 35. Nxb5 Qe1+ 36. Kh2 Nd2 37. Qc3 Qf2 38. Rc7 Qxf4+ {White resigns}
0-1

[Event "Team 45 45 League T34"]
[Site "Internet Chess Club"]
[Date "2007.08.12"]
[Round "4"]
[White "Gaia-theory"]
[Black "Vael"]
[Result "1-0"]
[WhiteElo "2112"]
[BlackElo "1884"]
[Opening "QGD: 4.Bg5 Be7"]
[ECO "D53"]
[Time "18:22:07"]
[TimeControl "2700+45"]

1. d4 Nf6 2. c4 e6 3. Nc3 d5 4. Bg5 Be7 5. Nf3 c6 6. cxd5 exd5 7. e3 Bf5 8. Bd3
Bxd3 9. Qxd3 Nbd7 10. O-O O-O 11. Rfb1 Ne4 12. Bf4 Ndf6 13. b4 a6 14. Nd2 Nxc3
15. Qxc3 Bd6 16. Bxd6 Qxd6 17. Qc5 Rfd8 18. a4 h6 19. h3 Ne8 20. Nb3 Qc7 21. Rc1
Nd6 22. Qxd5 Qe7 23. Qc5 Qe6 24. Nd2 Nf5 25. Nf3 Rd5 26. Qc2 Qe7 27. Qb2 Nd6 28.
Rc5 Qe4 29. Rxd5 Qxd5 30. Rc1 Re8 31. Rc5 Qe4 32. Qc2 Qxc2 33. Rxc2 f6 34. Ne1
Kf7 35. Nd3 Re7 36. Nc5 Ke8 37. Kf1 Kf7 38. Ke2 Nf5 39. Kd3 Nd6 40. Nxa6 bxa6
41. Rxc6 Rd7 42. Rxa6 Ke7 43. e4 Rb7 44. b5 Kd7 45. f4 Ke7 46. g4 Kd7 47. e5
fxe5 48. fxe5 Nc8 49. Rg6 Ke8 50. Ke4 Kf7 51. Ra6 Ke7 52. d5 Kd7 53. Rg6 Ke8 54.
Kd4 Kf7 55. Ra6 Ke7 56. Re6+ Kd7 57. Rg6 Ke8 58. Kc5 Kf7 59. Ra6 Ke7 60. b6 Kd7
61. d6 {Black resigns} 1-0

[Event "Team 45 45 League T34"]
[Site "Internet Chess Club"]
[Date "2007.08.12"]
[Round "4"]
[White "fileman"]
[Black "Changuito-77"]
[Result "1-0"]
[WhiteElo "1886"]
[BlackElo "1795"]
[Opening "KGA: Kieseritsky, Neumann defense"]
[ECO "C39"]
[Time "15:02:39"]
[TimeControl "2700+45"]

1. e4 e5 2. f4 exf4 3. Nf3 g5 4. h4 g4 5. Ne5 Nc6 6. d4 Nxe5 7. dxe5 f3 8. gxf3
Be7 9. Bc4 Bxh4+ 10. Kf1 g3 11. Qd5 Qe7 12. Rxh4 c6 13. Qxf7+ Qxf7 14. Bxf7+
Kxf7 15. Kg2 Ne7 16. Kxg3 h5 17. f4 Ng6 18. Rh2 b6 19. b3 Bb7 20. Bb2 h4+ 21.
Kg4 Rhg8 22. Kf3 Rae8 23. Nd2 Ba6 24. Re1 c5 25. Ke3 Re7 26. Nf3 Ke8 27. f5 Nf8
28. Rxh4 Rg2 29. Rh2 Reg7 30. c4 Bb7 31. Re2 R2g4 32. Kd3 Nh7 33. e6 Re7 34. Ne5
Rg3+ 35. Re3 Rxe3+ 36. Kxe3 dxe6 37. f6 {Black resigns} 1-0

[Event "Team 45 45 League T34"]
[Site "Internet Chess Club"]
[Date "2007.08.13"]
[Round "4"]
[White "pishd"]
[Black "Beancounter"]
[Result "1-0"]
[WhiteElo "1743"]
[BlackElo "1687"]
[Opening "Trompowsky attack (Ruth, Opocenský opening)"]
[ECO "A45"]
[Time "16:05:09"]
[TimeControl "2700+45"]

1. d4 Nf6 2. Bg5 Ne4 3. Bf4 c5 4. f3 Nf6 5. dxc5 Qa5+ 6. Qd2 Qxc5 7. e4 d6 8. c4
g6 9. b4 Qc6 10. Nc3 a6 11. Bd3 Bg7 12. Nge2 O-O 13. Rb1 Be6 14. Nd5 Re8 15. Nd4
Nxe4 16. Nxc6 Nxd2 17. Ncxe7+ Kf8 18. Kxd2 Bxd5 19. Nxd5 Be5 20. Bh6+ Kg8 21.
Nc7 Nc6 22. Nxa8 {Black resigns} 1-0

[Event "Team 45 45 League T34"]
[Site "Internet Chess Club"]
[Date "2007.08.10"]
[Round "4"]
[White "civilization"]
[Black "littleboo"]
[Result "0-1"]
[WhiteElo "1489"]
[BlackElo "1399"]
[Opening "Giuoco Piano: Möller (Therkatz) attack"]
[ECO "C54"]
[Time "20:06:35"]
[TimeControl "2700+45"]

1. e4 e5 2. Nf3 Nc6 3. Bc4 Bc5 4. c3 Nf6 5. d4 exd4 6. cxd4 Bb4+ 7. Nc3 Nxe4 8.
O-O Bxc3 9. d5 Ne5 10. Nxe5 Bxe5 11. Re1 Qe7 12. Qe2 f5 13. f3 Bd4+ 14. Kf1 Qf6
15. Be3 Bxb2 16. Rab1 Bc3 17. Rec1 b5 18. Bxb5 a6 19. Bc4 O-O 20. fxe4 fxe4+ 21.
Kg1 Be5 22. Rf1 Qd6 23. Rxf8+ Qxf8 24. Rf1 Qd6 25. Qh5 Bb7 26. Qf7+ Kh8 27. Bg5
c6 28. Be7 Qb8 29. dxc6 Bxh2+ 30. Kh1 Bxc6 31. Bxa6 d5 32. a4 h6 33. Be2 d4 34.
Qg6 Qc7 35. Qf7 Rb8 36. Bh5 Bd6 37. Bxd6 Qxd6 38. Bg6 Bd5 39. Qf5 Ra8 40. a5 Qa6
41. Qxd5 Qxf1+ 42. Kh2 Qf4+ 43. g3 Qd2+ 44. Kh3 Qxa5 45. Qxd4 Qa4 46. Qd5 e3 47.
Qe6 Qa6 48. Qe4 Rf8 49. Bh5 Qf1+ 50. Kg4 e2 51. Kh4 {White resigns} 0-1

[Event "Team 45 45 League T34"]
[Site "Internet Chess Club"]
[Date "2007.08.12"]
[Round "4"]
[White "archae13"]
[Black "JimGaming"]
[Result "1-0"]
[WhiteElo "1289"]
[BlackElo "1196"]
[Opening "Ruy Lopez (Spanish opening)"]
[ECO "C60"]
[Time "13:57:00"]
[TimeControl "2700+45"]

1. e4 e5 2. Nf3 Nc6 3. Bb5 Bd6 4. O-O Nf6 5. Re1 O-O 6. a3 a6 7. Bc4 Na5 8. Ba2
b5 9. d3 h6 10. Nc3 c6 11. Nh4 Re8 12. Bxh6 gxh6 13. Nf5 Bf8 14. Re3 Kh7 15. Qf3
d5 16. Ree1 Qd7 17. Rad1 Ra7 18. Qh3 d4 19. Ne2 c5 20. g4 Nxg4 21. Qxg4 f6 22.
Bg8+ Kh8 23. Kh1 Bg7 24. Ba2 c4 25. Neg3 Rg8 26. Rg1 Qe6 27. Qh5 Bd7 28. Rg2 Be8
29. Qh3 Rd7 30. Ne2 Qf7 31. Rg4 Bf8 32. Rdg1 Rxg4 33. Rxg4 Qh5 34. Qf3 Bg6 35.
Neg3 Qh3 36. Rh4 Qxh4 37. Nxh4 Bh7 38. Nh5 Bg7 39. Nf5 Rf7 40. Qg4 Bf8 41. Qh4
Bxf5 42. exf5 Bg7 43. Qg4 Kg8 44. Qe4 Bf8 45. Qd5 Be7 46. dxc4 Nxc4 47. b3 Nb6
48. Qe6 Bd8 49. b4 Nc4 50. Bxc4 bxc4 51. Qxa6 c3 52. Qe6 Kf8 53. b5 d3 54. Qd6+
Be7 55. Qxd3 Bxa3 56. Qxc3 Be7 57. Qc8+ {Black resigns} 1-0

[Event "Team 45 45 League T34"]
[Site "Internet Chess Club"]
[Date "2007.08.09"]
[Round "4"]
[White "tmac63"]
[Black "rpgrossman"]
[Result "1-0"]
[WhiteElo "1092"]
[BlackElo "1061"]
[Opening "Four knights: Scotch variation"]
[ECO "C47"]
[Time "21:12:27"]
[TimeControl "2700+45"]

1. e4 e5 2. Nf3 Nf6 3. Nc3 Nc6 4. d4 d6 5. Bb5 a6 6. Ba4 b5 7. Bb3 Be6 8. d5 Nd4
9. Nxd4 exd4 10. Qxd4 Bg4 11. Bg5 Be7 12. e5 Nxd5 13. Bxd5 Bxg5 14. Bxa8 Qxa8
15. Qxg4 Qd8 16. O-O dxe5 17. Rad1 Qe7 18. Qc8+ Qd8 19. Rxd8+ Bxd8 20. Rd1 O-O
21. Ne4 Be7 22. Qxc7 Re8 23. Qd7 Rd8 24. Qg4 Rc8 25. Qxc8+ {Black resigns} 1-0

[Event "Team 45 45 League T34"]
[Site "Internet Chess Club"]
[Date "2007.08.12"]
[Round "4"]
[White "klt713"]
[Black "ADIOKiddo4Ever"]
[Result "0-1"]
[WhiteElo "1287"]
[BlackElo "1433"]
[Opening "Pirc: Holmov system"]
[ECO "B07"]
[Time "23:30:44"]
[TimeControl "2700+45"]

1. d4 Nf6 2. Nc3 g6 3. e4 d6 4. Bc4 Bg7 5. Nf3 Bg4 6. Be3 O-O 7. h3 Bxf3 8. Qxf3
e6 9. O-O-O h6 10. Rhe1 Nfd7 11. Qe2 a6 12. Bb3 Nc6 13. a3 Qe7 14. Qd2 Kh7 15.
Kb1 Rab8 16. Ne2 b5 17. c3 a5 18. Bc2 b4 19. cxb4 axb4 20. axb4 Rxb4 21. b3 d5
22. exd5 Na5 23. Kb2 Nc4+ 24. Kc3 Nxd2 25. Rxd2 exd5 26. Kb2 Qc5 27. Kc1 Qa5 28.
Kb1 Ra8 29. Kb2 Nc5 30. Nc3 Qa3+ 31. Kb1 Qa1# {White checkmated} 0-1

[Event "Team 45 45 League T34"]
[Site "Internet Chess Club"]
[Date "2007.08.12"]
[Round "4"]
[White "johnpawn"]
[Black "fuzzface"]
[Result "1-0"]
[WhiteElo "1297"]
[BlackElo "1292"]
[Opening "Queen's pawn game"]
[ECO "D02"]
[Time "09:59:29"]
[TimeControl "2700+45"]

1. d4 d5 2. Nf3 g6 3. Bg5 Bg7 4. e3 c6 5. Nbd2 Nf6 6. Bd3 O-O 7. O-O Bg4 8. h3
Bxf3 9. Nxf3 Ne4 10. Bf4 Nd7 11. Ng5 Ndf6 12. Qf3 Nd2 13. Qe2 Nxf1 14. Rxf1 b6
15. c3 Bh6 16. Ne6 fxe6 17. Bxh6 Rf7 18. Bf4 c5 19. Qf3 Ne4 20. Bxe4 dxe4 21.
Qxe4 Qd5 22. Qxd5 exd5 23. Be5 Rf5 24. g4 Rf7 25. g5 cxd4 26. exd4 Rf3 27. h4
Rh3 28. Bg3 Rf8 29. Kg2 Rxg3+ 30. Kxg3 h6 31. Re1 Rf7 32. f4 h5 33. Re5 Kf8 34.
Rxd5 e6 35. Re5 Ke7 36. b4 Kd6 37. a4 Rc7 38. Re3 a5 39. bxa5 bxa5 40. Re5 Rxc3+
41. Kf2 Rc2+ 42. Ke3 Rc3+ 43. Ke4 Rh3 44. Rxa5 Rxh4 45. Ra6+ Kc7 46. Rxe6 Rh1
47. Rxg6 Re1+ 48. Kd5 h4 49. Rh6 Rh1 50. g6 h3 51. g7 Rg1 52. Rh7 Kd8 53. Rxh3
Rxg7 54. Rh6 Ra7 55. f5 Rxa4 56. Rh7 Ra5+ 57. Ke4 Ke8 58. d5 Ra4+ 59. Ke5 Ra5
60. f6 Kf8 61. Rb7 Ra1 62. Rc7 Re1+ 63. Kd6 Rh1 64. Kc6 Rh6 65. d6 Rxf6 66. Rc8+
Kf7 67. Kc7 Kg7 68. d7 Rf7 69. Re8 Kf6 70. Kc8 Rxd7 71. Kxd7 Kf7 72. Re6 Kg7 73.
Ke7 Kh7 74. Rf6 Kg7 75. Ke6 Kh7 76. Kf7 Kh8 77. Rh6# {Black checkmated} 1-0

[Event "Team 45 45 League T34"]
[Site "Internet Chess Club"]
[Date "2007.08.12"]
[Round "4"]
[White "ffplayer"]
[Black "otib2006"]
[Result "0-1"]
[WhiteElo "1310"]
[BlackElo "1199"]
[Opening "King's Indian defense, 3.Nc3"]
[ECO "E61"]
[Time "10:00:27"]
[TimeControl "2700+45"]

1. d4 Nf6 2. c4 g6 3. Nc3 Bg7 4. Bg5 O-O 5. Nf3 Nc6 6. Bxf6 Bxf6 7. e4 e5 8. d5
Na5 9. b4 c6 10. bxa5 Qxa5 11. Qc2 cxd5 12. cxd5 Be7 13. Nxe5 Bb4 14. Kd2 f5 15.
Nc4 Qc5 16. Kd1 Qd4+ 17. Kc1 Bxc3 18. Rb1 fxe4 19. Rb3 Rxf2 20. Qd1 Qxd1+ 21.
Kxd1 Bf6 22. Nd6 Rxa2 23. Nxc8 Rxc8 24. Rb1 b6 25. d6 Rcc2 26. Ke1 Bc3+ 27. Kd1
Rd2+ 28. Ke1 Rdb2+ 29. Kd1 Rxb1# {White checkmated} 0-1

[Event "Team 45 45 League T34"]
[Site "Internet Chess Club"]
[Date "2007.08.09"]
[Round "4"]
[White "cobbler"]
[Black "DayDream01"]
[Result "0-1"]
[WhiteElo "1172"]
[BlackElo "1092"]
[Opening "Réti opening"]
[ECO "A05"]
[Time "13:58:49"]
[TimeControl "2700+45"]

1. Nf3 Nf6 2. g3 d5 3. Bg2 e6 4. O-O Be7 5. d3 O-O 6. Nbd2 c6 7. b3 Nbd7 8. Bb2
b5 9. e4 Ne8 10. Ne5 Qc7 11. Ndf3 Bf6 12. Nxd7 Bxd7 13. Bxf6 Nxf6 14. e5 Ng4 15.
d4 f6 16. Bh3 f5 17. Qd3 c5 18. c3 c4 19. Qc2 h6 20. Bxg4 fxg4 21. Nh4 Be8 22.
Ng2 Bh5 23. Nf4 Rf5 24. Nxe6 Qf7 25. Nc5 Bg6 26. Qe2 Rf8 27. e6 Qf6 28. Nd7 Qg5
29. Nxf8 Rxf8 30. e7 Re8 31. Qe6+ Bf7 32. Qd7 Rxe7 33. Qc8+ Re8 34. Qc6 Qd2 35.
Qxb5 Qxc3 36. Rac1 Qxd4 37. Rce1 Rf8 38. Re7 c3 39. Rfe1 c2 40. R7e2 Rc8 41.
Rxc2 Rxc2 42. Qb8+ Kh7 43. Rf1 Bg6 44. a4 Bd3 45. Qf8 Bxf1 46. Qf5+ Kh8 47. Qc8+
Kh7 48. Qf5+ Kh8 49. Qf8+ Kh7 50. Qf5+ Kg8 51. Qe6+ Kf8 52. Qf5+ Qf6 53. Qxc2
Bh3 54. Qc5+ Kg8 55. Qxd5+ Kh8 56. Qa8+ Kh7 57. Qe4+ Kg8 58. Qe8+ Qf8 59. Qe6+
Qf7 60. Qxf7+ Kxf7 61. b4 Ke6 62. a5 Kd6 63. b5 Kc5 64. b6 Kc6 65. bxa7 Kb7 66.
f3 gxf3 67. Kf2 Bg2 68. h4 Kxa7 69. g4 g6 70. Kg3 Ka6 71. Kf2 Kxa5 72. Kg1 Kb4
73. Kf2 Kc4 74. Ke3 Kc3 75. Kf2 Kd3 76. Kg1 Ke3 77. g5 hxg5 78. hxg5 Kf4 79. Kf2
Kg4 80. Kg1 Kh3 81. Kf2 Kh2 {White resigns} 0-1

[Event "Team 45 45 League T34"]
[Site "Internet Chess Club"]
[Date "2007.08.12"]
[Round "4"]
[White "Conjurer"]
[Black "Russellovich"]
[Result "0-1"]
[WhiteElo "1191"]
[BlackElo "1583"]
[Opening "English opening"]
[ECO "A16"]
[Time "12:59:49"]
[TimeControl "2700+45"]

1. c4 Nf6 2. Nc3 g6 3. g3 d6 4. Bg2 Bg7 5. Nf3 Nc6 6. O-O e5 7. e4 Bg4 8. d3 Qd7
9. Be3 Bh3 10. Ng5 Bxg2 11. Kxg2 h6 12. Nf3 Ng4 13. Qd2 f5 14. Qe1 O-O-O 15. Nb5
a6 16. Na7+ Nxa7 17. Bxa7 b6 18. Qb4 Kb7 19. Bxb6 cxb6 20. Rac1 Qc6 21. Rc3 Qc5
22. Rb3 Qxb4 23. Rxb4 Nf6 24. Rc1 fxe4 25. dxe4 Nxe4 26. Nh4 g5 27. Ng6 Rhe8 28.
f3 Nc5 29. a4 Nd3 30. Rxb6+ Kxb6 31. Rc3 Nc5 32. a5+ Kxa5 33. Ra3+ Kb4 {White
resigns} 0-1

[Event "Team 45 45 League T34"]
[Site "Internet Chess Club"]
[Date "2007.08.10"]
[Round "4"]
[White "carolinaknight"]
[Black "Traho"]
[Result "0-1"]
[WhiteElo "1295"]
[BlackElo "1267"]
[Opening "Caro-Kann: advance variation"]
[ECO "B12"]
[Time "21:00:46"]
[TimeControl "2700+45"]

1. e4 c6 2. d4 d5 3. e5 Bf5 4. Nf3 f6 5. c3 fxe5 6. Nxe5 Nd7 7. Qf3 Be6 8. Bd3
Ngf6 9. Bg5 Qb6 10. Qe2 O-O-O 11. O-O h6 12. Bxf6 gxf6 13. Ng6 Rg8 14. Nxf8 Nxf8
15. h3 Bxh3 16. Kh2 Bxg2 17. Bf5+ Kb8 18. Rc1 Qc7+ 19. Kg1 Bf3+ {White resigns}
0-1